 Dungeon Crawl Stone Soup version 0.30.0-29-ga12c61a403 (webtiles) character file.

Game seed: 4831668069898927196

126 Graphine the Sneak (level 5, -5/41 HPs)
             Began as a Human Brigand on June 17, 2023.
             Slain by a gnoll
             ... wielding a +0 spear
              (7 damage)
             ... on level 3 of the Dungeon.
             The game lasted 00:04:57 (1848 turns).

Graphine the Sneak (Human Brigand)                  Turns: 1848, Time: 00:04:57

Health: -5/41      AC:  3    Str: 12    XL:     5   Next: 31%
Magic:  5/5        EV: 12    Int: 11    God:
Gold:   56         SH:  0    Dex: 16    Spells: 4/4 levels left

rFire   . . .        a - +3 dagger
rCold   . . .        (no shield)
rNeg    . . .        b - +0 robe
rPois   .            (no helmet)
rElec   .            c - +0 cloak
rCorr   .            (no gloves)
SInv    .            (no boots)
Will    .....        (no amulet)
Stlth   +++          (no ring)
HPRegen 0.26/turn    (no ring)
MPRegen 0.09/turn

%: no passive effects
@: no status effects
A: no striking features
a: no special abilities


You were on level 3 of the Dungeon.
You visited 1 branch of the dungeon, and saw 3 of its levels.

You collected 56 gold pieces.

Inventory:

Hand Weapons
 a - a +3 dagger (weapon)
Missiles
 d - 3 poisoned darts (quivered)
 e - 3 curare-tipped darts
Armour
 b - a +0 robe (worn)
 c - a +0 cloak (worn)
Potions
 f - 2 potions of heal wounds {unknown}
 g - a potion of invisibility {unknown}
 h - a potion of resistance {unknown}


   Skills:
 * Level 3.2 Fighting
 - Level 2.0(2.4) Short Blades
 * Level 2.1(2.5) Long Blades
 - Level 2.0 Throwing
 * Level 2.4 Dodging
 + Level 4.4 Stealth


You had 4 spell levels left.
You didn't know any spells.
Your spell library contained the following spells:

 Spells                   Type           Power      Damage    Failure   Level
 Lesser Beckoning         Tloc           0%         N/A       47%         2
 Gell's Gravitas          Tloc           0%         N/A       71%         3
 Ozocubu's Armour         Ice            0%         N/A       71%         3
 Teleport Other           Tloc           0%         N/A       71%         3
 Tukima's Dance           Hex            0%         N/A       71%         3
 Passage of Golubria      Tloc           0%         N/A       98%         4
 Yara's Violent Unravell  Hex/Tmut       0%         3d3       100%        5
 Ozocubu's Refrigeration  Ice            0%         4d7       100%        7


Dungeon Overview and Level Annotations

Branches:
Dungeon (3/15)

Altars:


Message History

The gnoll hits you with a +0 spear.
* * * LOW HITPOINT WARNING * * *
Hit: a) +3 dagger
Press: ? - help, Dir - move target, f/p - gnoll
Aim: a gnoll, wielding a +0 spear (severely wounded, about 28% to evade your +3 dagger)
You closely miss the gnoll.
The gnoll is severely wounded.
The gnoll closely misses you.
Hit: a) +3 dagger
Press: ? - help, Dir - move target, f/p - gnoll
Aim: a gnoll, wielding a +0 spear (severely wounded, about 28% to evade your +3 dagger)
You hit the gnoll.
The gnoll is almost dead.
Unknown command.
Hit: a) +3 dagger
Press: ? - help, Dir - move target, f/p - gnoll
Aim: a gnoll, wielding a +0 spear (almost dead, about 28% to evade your +3 dagger)
You barely miss the gnoll.
The gnoll is almost dead.
The gnoll closely misses you.
Hit: a) +3 dagger
Press: ? - help, Dir - move target, f/p - gnoll
Aim: a gnoll, wielding a +0 spear (almost dead, about 28% to evade your +3 dagger)
You completely miss the gnoll.
The gnoll is almost dead.
The gnoll hits you with a +0 spear.
* * * LOW HITPOINT WARNING * * *
Hit: a) +3 dagger
Press: ? - help, Dir - move target, f/p - gnoll
Aim: a gnoll, wielding a +0 spear (almost dead, about 28% to evade your +3 dagger)
You hit the gnoll but do no damage.
The gnoll is almost dead.
The gnoll hits you but does no damage.
Hit: a) +3 dagger
Press: ? - help, Dir - move target, f/p - gnoll
Aim: a gnoll, wielding a +0 spear (almost dead, about 28% to evade your +3 dagger)
You completely miss the gnoll.
The gnoll is almost dead.
The gnoll hits you with a +0 spear!
You die...

..# ... #.#
.. #. #.#.. .
#.##.#. ..
#..... .#
..###.##.# ..
......##<# .#
#...?.# .#
#....@# #.#
#.##....g#
..#
#.#......#
..#
#.#......#
.##
#.#......#
.##
#.#.######
..# #.#.#
..#######.#.#
......g.g...#


You could see a gnoll.

Vanquished Creatures
  4 adders (D:2)
  3 gnolls (D:3)
  A worm (D:2)
  3 dart slugs
  3 orcs (D:3)
  A ball python (D:1)
  7 endoplasms
  A giant cockroach (D:2)
  3 goblins (D:2)
  6 hobgoblins (D:1)
  2 jackals (D:2)
  6 kobolds
  2 bats
  A frilled lizard (D:2)
  4 rats
47 creatures vanquished.

Notes
Turn   | Place    | Note
-------+----------+-------------------------------------------
     0 | D:1      | Graphine the Human Brigand began the quest for the Orb.
     0 | D:1      | Reached XP level 1. HP: 16/16 MP: 1/1
    66 | D:1      | Found a faded altar of an unknown god.
   143 | D:1      | Reached XP level 2. HP: 13/22 MP: 2/2
   382 | D:1      | Reached skill level 1 in Long Blades
   382 | D:1      | Reached XP level 3. HP: 26/28 MP: 3/3
   908 | D:2      | Reached XP level 4. HP: 15/34 MP: 4/4
  1550 | D:3      | Reached XP level 5. HP: 28/39 MP: 5/5
  1681 | D:3      | HP: 2/41 [gnoll/+0 spear (5)]
  1846 | D:3      | HP: 2/41 [gnoll/+0 spear (5)]
  1848 | D:3      | Slain by a gnoll

Illustrated notes

Levels and vault maps discovered:
D:1:      heliophobic_arrival_ceremonial_halls, layout_rooms,
          shapermc_ecumenical_altar_acropolis, minmay_heptomino_d4
D:2:      layout_rooms, hangedman_decor_diamond_cutter, minivault_23
D:3:      layout_basic, mainiacjoe_overflow_alcove_2, minmay_lizard_king,
          uniq_crazy_yiuf_cottage

Skill      XL: |  1  2  3  4 |
---------------+-------------+-----
Long Blades    | 1 2 |  2.1
Dodging        | 2 |  2.4
Fighting       | 3 |  3.2
Short Blades   | |  2.0
Throwing       | |  2.0
Stealth        | |  4.4

Action                     |  1- 3 |  4- 6 || total
---------------------------+-------+-------++-------
  Melee: Dagger            |   149 |    73 ||   222
  Throw: Dart              |     9 |    37 ||    46
    Use: Scroll            |     2 |     3 ||     5
         Potion            |     1 |       ||     1
   Stab: Distracted        |     1 |       ||     1
         Sleeping          |     3 |       ||     3
 Armour: Robe              |    29 |    12 ||    41
  Dodge: Dodged            |    72 |    46 ||   118
